3AAA
SIOUX FALLS RED PANDAS @ HIALEAH DODOS
08/07/2028
 
TOP OF THE 1ST
Sioux Falls Red Pandas batting - Pitching for Hialeah Dodos : RHP Stanley Eldrige
Pitching: RHP Stanley Eldrige
Batting: SHB Raúl Duarte 0-0: Ball
1-0: Foul Ball, location: 2F
1-1: Ground out 4-3 (Groundball, 4S)
Batting: RHB Jon Erickson 0-0: Called Strike
0-1: Foul Ball, location: 2F
0-2: Fly out, F9 (Flyball, 9S)
Batting: LHB Magali Lenidas 0-0: Fly out, F8 (Flyball, 8RD)
Top of the 1st over - 0 run(s), 0 hit(s), 0 error(s), 0 left on base; Sioux Falls 0 - Hialeah 0
BOTTOM OF THE 1ST
Hialeah Dodos batting - Pitching for Sioux Falls Red Pandas : RHP José Trujillo
Pitching: RHP José Trujillo
Batting: RHB Jorge Salgado 0-0: Swinging Strike
0-1: Ball
1-1: Foul Ball, location: 2F
1-2: Ground out 5-3 (Groundball, 56S)
Batting: LHB Cole Thrash 0-0: Called Strike
0-1: Ball
1-1: SINGLE (Groundball, 4MD)
Batting: LHB Jeff Simpson 0-0: Called Strike
0-1: Ball
1-1: Swinging Strike
1-2: Strikes out swinging
Batting: LHB Raúl Aguirre 0-0: Ball
1-0: Called Strike
1-1: Ground out 4-3 (Groundball, 34)
Bottom of the 1st over - 0 run(s), 1 hit(s), 0 error(s), 1 left on base; Sioux Falls 0 - Hialeah 0
TOP OF THE 2ND
Sioux Falls Red Pandas batting - Pitching for Hialeah Dodos : RHP Stanley Eldrige
Batting: RHB Alan Rosales 0-0: Foul Ball, location: 2F
0-1: Ball
1-1: Swinging Strike
1-2: Ball
2-2: SINGLE (Line Drive, 8LS)
Batting: LHB Toyokazu Asano 0-0: Ball
1-0: Swinging Strike
1-1: Fly out, F6 (Flyball, 6MD)
Batting: RHB Yoshifumi Sato 0-0: Foul Ball, location: 2F
0-1: Ball
1-1: Ball
2-1: Foul Ball, location: 2F
2-2: Foul Ball, location: 2F
2-2: Ball
3-2: Ground out 5-3 (Groundball, 56S)
Alan Rosales to second
Batting: LHB Dave Knight 0-0: Called Strike
0-1: Swinging Strike
0-2: Ground out 4-3 (Groundball, 4S)
Top of the 2nd over - 0 run(s), 1 hit(s), 0 error(s), 1 left on base; Sioux Falls 0 - Hialeah 0
BOTTOM OF THE 2ND
Hialeah Dodos batting - Pitching for Sioux Falls Red Pandas : RHP José Trujillo
Batting: RHB Lorenzo Ramírez 0-0: SINGLE (Groundball, 6MD)
Batting: SHB Luis Manuel Flores 0-0: Ball
1-0: Fielders Choice at 2nd, 3-6 (Groundball, 3)
Batting: LHB Errol Levick 0-0: Ball
Luis Manuel Flores is caught stealing 2nd base
1-0: Fly out, F8 (Flyball, 89S)
Bottom of the 2nd over - 0 run(s), 1 hit(s), 0 error(s), 0 left on base; Sioux Falls 0 - Hialeah 0
TOP OF THE 3RD
Sioux Falls Red Pandas batting - Pitching for Hialeah Dodos : RHP Stanley Eldrige
Batting: RHB Mark Allen 0-0: Ball
1-0: Ball
2-0: Foul Ball, location: 2F
2-1: Ball
3-1: SINGLE (Line Drive, 78M)
Batting: RHB Jorge Díaz 0-0: Ball
1-0: Ball
2-0: Ball
3-0: Called Strike
3-1: SINGLE (Groundball, 6) (infield hit)
Mark Allen to second
Batting: SHB Raúl Duarte 0-0: Called Strike
0-1: Foul Ball, location: 2F
0-2: Fly out, F8 (Flyball, 8LM)
Batting: RHB Jon Erickson 0-0: Foul Ball, location: 2F
0-1: Hit by Pitch
Mark Allen to third
Jorge Díaz to second
Batting: LHB Magali Lenidas 0-0: Ball
1-0: Grounds into double play, 4-6-3 (Groundball, 4)
Top of the 3rd over - 0 run(s), 2 hit(s), 0 error(s), 2 left on base; Sioux Falls 0 - Hialeah 0
BOTTOM OF THE 3RD
Hialeah Dodos batting - Pitching for Sioux Falls Red Pandas : RHP José Trujillo
Batting: SHB Juan Ortega 0-0: Ball
1-0: Ball
2-0: Called Strike
2-1: Foul Ball, location: 2F
2-2: Strikes out swinging
Batting: RHB Stephen McManus 0-0: Ball
1-0: SINGLE (Groundball, 6MD)
Batting: RHB Jorge Salgado 0-0: Swinging Strike
0-1: Fielders Choice at 2nd, 1-6 (Groundball, 13)
Batting: LHB Cole Thrash 0-0: Ball
Jorge Salgado is caught stealing 2nd base
Bottom of the 3rd over - 0 run(s), 1 hit(s), 0 error(s), 0 left on base; Sioux Falls 0 - Hialeah 0
TOP OF THE 4TH
Sioux Falls Red Pandas batting - Pitching for Hialeah Dodos : RHP Stanley Eldrige
Batting: RHB Alan Rosales 0-0: Ball
1-0: Fly out, F9 (Flyball, 9D)
Batting: LHB Toyokazu Asano 0-0: Ball
1-0: Swinging Strike
1-1: Called Strike
1-2: Strikes out swinging
Batting: RHB Yoshifumi Sato 0-0: Called Strike
0-1: Ball
1-1: Ball
2-1: Foul Ball, location: 2F
2-2: Foul Ball, location: 2F
2-2: Ball
3-2: Foul Ball, location: 2F
3-2: Base on Balls
Batting: LHB Dave Knight 0-0: Ball
1-0: Ball
2-0: Called Strike
2-1: Foul Ball, location: 2F
2-2: Strikes out looking
Top of the 4th over - 0 run(s), 0 hit(s), 0 error(s), 1 left on base; Sioux Falls 0 - Hialeah 0
BOTTOM OF THE 4TH
Hialeah Dodos batting - Pitching for Sioux Falls Red Pandas : RHP José Trujillo
Batting: LHB Cole Thrash 0-0: Swinging Strike
0-1: Foul Ball, location: 2F
0-2: Foul Ball, location: 2F
0-2: Ball
1-2: Ground out 4-3 (Groundball, 4M)
Batting: LHB Jeff Simpson 0-0: Ground out U3 (Groundball, 3)
Batting: LHB Raúl Aguirre 0-0: Foul Ball, location: 2F
0-1: Swinging Strike
0-2: Foul Ball, location: 2F
0-2: DOUBLE (Line Drive, 78D)
Batting: RHB Lorenzo Ramírez 0-0: Called Strike
0-1: Ball
1-1: Called Strike
1-2: Fly out, F5 (Line Drive, 56)
Bottom of the 4th over - 0 run(s), 1 hit(s), 0 error(s), 1 left on base; Sioux Falls 0 - Hialeah 0
TOP OF THE 5TH
Sioux Falls Red Pandas batting - Pitching for Hialeah Dodos : RHP Stanley Eldrige
Batting: RHB Mark Allen 0-0: Ball
1-0: Swinging Strike
1-1: Foul Ball, location: 2F
1-2: Foul Ball, location: 2F
1-2: Foul Ball, location: 2F
1-2: Fly out, F8 (Flyball, 8LM)
Batting: RHB Jorge Díaz 0-0: Ball
1-0: Ball
2-0: Foul Ball, location: 2F
2-1: Ground out 6-3 (Groundball, 6)
Batting: SHB Raúl Duarte 0-0: Called Strike
0-1: Foul Ball, location: 2F
0-2: Ball
1-2: Strikes out swinging
Top of the 5th over - 0 run(s), 0 hit(s), 0 error(s), 0 left on base; Sioux Falls 0 - Hialeah 0
BOTTOM OF THE 5TH
Hialeah Dodos batting - Pitching for Sioux Falls Red Pandas : RHP José Trujillo
Batting: SHB Luis Manuel Flores 0-0: Called Strike
0-1: Called Strike
0-2: Ball
1-2: Ball
2-2: Ball
3-2: Base on Balls
Batting: LHB Errol Levick 0-0: Called Strike
0-1: Ball
1-1: Called Strike
1-2: Ball
2-2: SINGLE (Groundball, 34D)
Luis Manuel Flores to second
Luis Manuel Flores to third
Batting: SHB Juan Ortega 0-0: Called Strike
0-1: Ball
1-1: Ball
2-1: Called Strike
2-2: Fly out, F8 (Flyball, 8LD)
Runner from 3rd tags up, SCORES, no throw
Batting: RHB Stephen McManus 0-0: Called Strike
0-1: Foul Ball, location: 2F
0-2: Fly out, F8 (Flyball, 8LXD)
Batting: RHB Jorge Salgado 0-0: Fly out, F9 (Flyball, 9LM)
Bottom of the 5th over - 1 run(s), 1 hit(s), 0 error(s), 1 left on base; Sioux Falls 0 - Hialeah 1
TOP OF THE 6TH
Sioux Falls Red Pandas batting - Pitching for Hialeah Dodos : RHP Stanley Eldrige
Batting: RHB Jon Erickson 0-0: Called Strike
0-1: Ball
1-1: Ground out 3-1 (Groundball, 34)
Batting: LHB Magali Lenidas 0-0: Ball
1-0: Called Strike
1-1: Ball
2-1: Ball
3-1: Called Strike
3-2: Foul Ball, location: 2F
3-2: Base on Balls
Batting: RHB Alan Rosales 0-0: Foul Ball, location: 2F
0-1: Foul Ball, location: 2F
0-2: Ball
1-2: Fly out, F4 (Popup, 4S)
Batting: LHB Toyokazu Asano 0-0: Called Strike
0-1: Ball
1-1: SINGLE (Groundball, 6M) (infield hit)
Magali Lenidas to second
Batting: RHB Yoshifumi Sato 0-0: Ball
1-0: Fly out, F9 (Flyball, 9LM)
Top of the 6th over - 0 run(s), 1 hit(s), 0 error(s), 2 left on base; Sioux Falls 0 - Hialeah 1
BOTTOM OF THE 6TH
Hialeah Dodos batting - Pitching for Sioux Falls Red Pandas : RHP José Trujillo
Batting: LHB Cole Thrash 0-0: Foul Ball, location: 2F
0-1: Ball
1-1: Ball
2-1: Foul Ball, location: 2F
2-2: Foul Ball, location: 2F
2-2: Foul Ball, location: 2F
2-2: Foul Ball, location: 2F
2-2: Ball
3-2: Ground out U3 (Groundball, 3)
Batting: LHB Jeff Simpson 0-0: SINGLE (Flyball, 9S)
Batting: LHB Raúl Aguirre 0-0: Ball
1-0: Foul Ball, location: 2F
1-1: Swinging Strike
1-2: Fielders Choice at 2nd, 4-6 (Groundball, 4MD)
Batting: RHB Lorenzo Ramírez 0-0: Ground out 6-3 (Groundball, 6S)
Bottom of the 6th over - 0 run(s), 1 hit(s), 0 error(s), 1 left on base; Sioux Falls 0 - Hialeah 1
TOP OF THE 7TH
Sioux Falls Red Pandas batting - Pitching for Hialeah Dodos : RHP Stanley Eldrige
Batting: LHB Dave Knight 0-0: Called Strike
0-1: Foul Ball, location: 2F
0-2: Ball
1-2: Reached on error, E3 (Groundball, 3)
Pinch Hitting: LHB Joe Sutton 0-0: Ball
1-0: Foul Ball, location: 2F
1-1: Foul Ball, location: 2F
1-2: Foul Ball, location: 2F
1-2: Foul Ball, location: 2F
1-2: Foul Ball, location: 2F
1-2: Fly out, F9 (Flyball, 9S)
Batting: RHB Jorge Díaz 0-0: Grounds into double play, 5-4-3 (Groundball, 56)
Top of the 7th over - 0 run(s), 0 hit(s), 1 error(s), 0 left on base; Sioux Falls 0 - Hialeah 1
BOTTOM OF THE 7TH
Hialeah Dodos batting - Pitching for Sioux Falls Red Pandas : RHP José Trujillo
Now at 1B: Jonah Moody
Batting: SHB Luis Manuel Flores 0-0: Ball
1-0: Fly out, F9 (Line Drive, 89D)
Batting: LHB Errol Levick 0-0: Ball
1-0: Ball
2-0: Fly out, F7 (Line Drive, 7)
Batting: SHB Juan Ortega 0-0: Called Strike
0-1: Called Strike
0-2: Ball
1-2: Foul Ball, location: 2F
1-2: Foul Ball, location: 2F
1-2: Foul Ball, location: 2F
1-2: SINGLE (Line Drive, 8RS)
Pitching: RHP Loeck Visser
Pinch Hitting: LHB Curt Wilson 0-0: Ball
1-0: Called Strike
Throwing error on steal attempt, E2
Juan Ortega to third
1-1: Swinging Strike
1-2: Fly out, F9 (Flyball, 9S)
Bottom of the 7th over - 0 run(s), 1 hit(s), 1 error(s), 1 left on base; Sioux Falls 0 - Hialeah 1
TOP OF THE 8TH
Sioux Falls Red Pandas batting - Pitching for Hialeah Dodos : RHP Stanley Eldrige
Now at 2B: Curt Wilson
Batting: SHB Raúl Duarte 0-0: Ball
1-0: Called Strike
1-1: Ball
2-1: Ball
3-1: SINGLE (Line Drive, 34D)
Batting: RHB Jon Erickson 0-0: Grounds into double play, 4-6-3 (Groundball, 4)
Batting: LHB Magali Lenidas 0-0: Called Strike
0-1: Fly out, F8 (Flyball, 78M)
Top of the 8th over - 0 run(s), 1 hit(s), 0 error(s), 0 left on base; Sioux Falls 0 - Hialeah 1
BOTTOM OF THE 8TH
Hialeah Dodos batting - Pitching for Sioux Falls Red Pandas : RHP Loeck Visser
Batting: RHB Jorge Salgado 0-0: Called Strike
0-1: Ball
1-1: Ball
2-1: SINGLE (Groundball, 34D)
Batting: LHB Cole Thrash Pickoff Throw to First - Error! E1
Jorge Salgado to second
0-0: Swinging Strike
0-1: Ball
1-1: Foul Ball, location: 2F
1-2: Foul Ball, location: 2F
1-2: Fly out, F8 (Flyball, 78M)
Batting: LHB Jeff Simpson 0-0: Ball
1-0: Foul Ball, location: 2F
1-1: Ball
2-1: DOUBLE (Line Drive, 9LS)
Jorge Salgado scores
Batting: LHB Raúl Aguirre 0-0: Ball
Wild Pitch!
Jeff Simpson to third
1-0: Ball
2-0: Foul Ball, location: 2F
2-1: Called Strike
2-2: SINGLE (Flyball, 6D)
Jeff Simpson scores
Batting: RHB Lorenzo Ramírez 0-0: SINGLE (Groundball, 34) (infield hit)
Raúl Aguirre to second
Batting: SHB Luis Manuel Flores 0-0: Ground out 3-1 (Groundball, 34S)
Raúl Aguirre to third
Lorenzo Ramírez to second
Batting: LHB Errol Levick 0-0: Foul Ball, location: 2F
0-1: Ball
1-1: Ball
2-1: Ball
3-1: Base on Balls
Batting: SHB Juan Ortega 0-0: Called Strike
0-1: Fly out, F3 (Line Drive, 3)
Bottom of the 8th over - 2 run(s), 4 hit(s), 1 error(s), 3 left on base; Sioux Falls 0 - Hialeah 3
TOP OF THE 9TH
Sioux Falls Red Pandas batting - Pitching for Hialeah Dodos : RHP Stanley Eldrige
Pitching: RHP Carlos Garza
Batting: RHB Alan Rosales 0-0: Fly out, F2 (Popup, 34S)
Batting: LHB Toyokazu Asano 0-0: Ball
1-0: Foul Ball, location: 2F
1-1: Ball
2-1: Ball
3-1: Foul Ball, location: 2F
3-2: Strikes out looking
Batting: RHB Yoshifumi Sato 0-0: Foul Ball, location: 2F
0-1: Ball
1-1: Ground out 5-3 (Groundball, 56S)
Top of the 9th over - 0 run(s), 0 hit(s), 0 error(s), 0 left on base; Sioux Falls 0 - Hialeah 3
Wednesday, August 23rd, 2017 - OOTP Baseball 17.12 Build 75